 Zot Defence DCSS version 0.15.2 (webtiles) character file.

51438 blackwizard the Fighter (level 14, -1/113 HPs)
             Began as a Merfolk Air Elementalist on May 28, 2017.
             Killed by drain life
             ... invoked by a soul eater
             ... summoned by Bolgrim the orc sorcerer
              (13 damage)
             ... in the Realm of Zot (Scenario II: Battle Heart).
             The game lasted 00:35:38 (3507 turns).

blackwizard the Fighter (Merfolk Air Elementalist)  Turns: 3507, Time: 00:35:38

HP  -1/113       AC  2     Str  8      XL: 14   Next: 59%
MP  12/32        EV 16     Int 19      God:
Gold 0           SH  0     Dex 15      Spells:  1 memorised, 33 levels left

rFire  . . .     SeeInvis .     m - +1 flail (crush)
rCold  . . .     Clarity  .     a - +0 robe (curse)
rNeg   . . .     rCorr    .     (no shield)
rPois  .         rRot     .     (no helmet)
rElec  .         Spirit   .     (no cloak)
SustAb .         Warding  .     (no gloves)
rMut   .         Stasis   .     (no boots)
Gourm  .                        (no amulet)
MR     +....                    (no ring)
                                (no ring)

@: somewhat resistant to hostile enchantments, unstealthy
A: change form in water, swift swim
a: Make oklob sapling, Make arrow trap, Make plant, Remove Curse, Make burning
bush, Make altar, Make grenades, Make oklob plant, Make net trap, Make ice
statue, Make spear trap, Make alarm trap, Make mushroom circle, Make bolt trap,
Make crystal statue


You were in the Realm of Zot.
You were not hungry.

You visited 1 branch

Inventory:

Hand weapons
 j - a +0 short sword
 m - a +1 flail of crushing (weapon)
 p - a +0 spear
 r - a +0 hand axe
 s - a +0 trident of venom
 t - a +0 arbalest
 v - a +0 dire flail
Missiles
 k - 5 stones (quivered)
 q - 2 throwing nets
 u - 11 poisoned bolts
Armour
 a - a cursed +0 robe (worn)
 l - a +0 robe
 n - a +0 chain mail
 w - a +0 robe
Magical devices
 o - a wand of frost (17) {unknown}
Comestibles
 d - a bread ration
Scrolls
 i - a scroll of blinking
Potions
 c - 3 potions of curing
 e - a potion of heal wounds
 f - a potion of haste
 g - 2 potions of magic
 h - a potion of berserk rage
Books
 b - a book of Air

   Spells                             Type                      Level
   *Shock                             Conjuration/Air              1
   Swiftness                          Charms/Air                   2
   Repel Missiles                     Charms/Air                   2
   Flight                             Charms/Air                   3
   Static Discharge                   Conjuration/Air              3
   Lightning Bolt                     Conjuration/Air              5


   Skills:
 + Level 11.0 Fighting
 + Level 3.7 Short Blades
 + Level 9.5 Maces & Flails
 + Level 7.2 Dodging
 - Level 2.1 Stealth
 + Level 4.9 Unarmed Combat
 + Level 10.8 Spellcasting
 + Level 9.2 Conjurations
 + Level 9.2 Air Magic


You had 33 spell levels left.
You knew the following spells:

 Your Spells              Type           Power        Failure   Level  Hunger
a - Shock                 Conj/Air       ####         1%          1    None


Dungeon Overview and Level Annotations

Branches:
    Zot (1/1)

Altars:

Annotations:
Zot Agnes, Lernaean hydra


Message History

The soul eater is lightly wounded.
The zap misses the sun demon.
The zap hits the sun demon.
The sun demon appears unharmed.
Bolgrim gestures at the surrounding area while chanting.
Unknown command.
Casting: Shock
Confirm with . or Enter, or press ? or * to list all spells.
Aiming: Shock
Press: ? - help, Shift-Dir - straight line, f/p - sun demon
Aim: a sun demon (summoned)
The zap hits the soul eater.
The soul eater is lightly wounded.
The zap misses the sun demon.
The zap hits the sun demon.
The sun demon completely resists.
The soul eater draws from the surrounding life force!
* * * LOW HITPOINT WARNING * * *
The soul eater is healed.
Bolgrim gestures at the surrounding area while chanting.
The soul eater draws from the surrounding life force!
You die... .....kGKN...###..............## ..)§hDJSm..## ##...........### ...mmmfem..# #####......## ..kaemite..# ######## ..J.mhiNe..# %#ZKDDeYe.##

###OSJVW{########## #
###9JmDo4.......#######
#######33...@.......#
#########▓▓...▓▓ ▓▓.....▓▓
▓▓▓.......▓▓ ▓▓▓..........▓▓▓
▓▓▓..............▓▓▓
####▓▓..................▓▓ ▓
▓▓▓▓▓▓▓▓▓▓....................▓
▓
▓∆∆∆∆∆▓##▓....................▓


You could see the 27-headed Lernaean hydra, a soul eater, a sun demon, a blue
devil and Bolgrim the orc sorcerer.

Vanquished Creatures
  An ogre mage (Zot)
  3 hydras (Zot)
  Urug (Zot)
  2 hill giants (Zot)
  Pikel (Zot)
  A deep elf conjurer (Zot)
  2 ugly things (Zot)
  A gargoyle (Zot)
  8 yaktaurs (Zot)
  Joseph (Zot)
  2 orange demons (Zot)
  A kobold demonologist (Zot)
  A centaur skeleton (Zot)
  3 redback zombies (Zot)
  A hellwing (Zot)
  2 hydra zombies (Zot)
  5 two-headed ogres (Zot)
  6 yaks (Zot)
  A jumping spider (Zot)
  Prince Ribbit (Zot)
  9 slime creatures (Zot)
  6 deep elf magi (Zot)
  6 redbacks (Zot)
  3 vampires (Zot)
  2 hill giant zombies (Zot)
  A griffon skeleton (Zot)
  A hill giant skeleton (Zot)
  3 deep elf fighters (Zot)
  2 hungry ghosts (Zot)
  4 water moccasins (Zot)
  5 ogres (Zot)
  Menkaure (Zot)
  An ogre zombie (Zot)
  A porcupine (Zot)
  3 orc warriors (Zot)
  5 vampire mosquitoes (Zot)
  A yellow wasp (Zot)
  2 black bears (Zot)
  2 boggarts (Zot)
  2 centaurs (Zot)
  Sigmund (Zot)
  A big kobold (Zot)
  6 giant frogs (Zot)
  2 yaktaur skeletons (Zot)
  9 insubstantial wisps (Zot)
  2 jellies (Zot)
  A water moccasin zombie (Zot)
  A scorpion (Zot)
  3 killer bees (Zot)
  A troll zombie (Zot)
  A yak skeleton (Zot)
  2 gnoll shamans (Zot)
  A goliath beetle (Zot)
  4 crimson imps (Zot)
  2 giant frog zombies (Zot)
  A black bear zombie (Zot)
  3 elf zombies (Zot)
  A quasit (Zot)
  A big kobold zombie (Zot)
  A black bear skeleton (Zot)
  A human zombie (Zot)
  An orc priest (Zot)
  A two-headed ogre skeleton (Zot)
  An iron imp (Zot)
  An orc wizard (Zot)
  A hound (Zot)
  An elf skeleton (Zot)
  9 iguanas (Zot)
  27 sheep (Zot)
  A worker ant (Zot)
  Ijyb (Zot)
  A big kobold skeleton (Zot)
  An ogre skeleton (Zot)
  9 adders (Zot)
  3 gnolls (Zot)
  6 green rats (Zot)
  2 shadow imps (Zot)
  2 giant mites (Zot)
  2 worms (Zot)
  An ufetubus (Zot)
  7 sheep zombies (Zot)
  2 adder zombies (Zot)
  2 gnoll zombies (Zot)
  An iguana zombie (Zot)
  2 iguana skeletons (Zot)
  10 sheep skeletons (Zot)
  A giant gecko (Zot)
  3 oozes (Zot)
  11 orcs (Zot)
  6 giant cockroaches (Zot)
  9 hobgoblins (Zot)
  8 quokkas (Zot)
  5 ball pythons (Zot)
  6 bats (Zot)
  2 giant cockroach zombies (Zot)
  A giant gecko zombie (Zot)
  3 giant newts (Zot)
  6 giant spores (Zot)
  13 goblins (Zot)
  2 goblin skeletons (Zot)
  A goblin zombie (Zot)
  A green rat skeleton (Zot)
  2 hobgoblin skeletons (Zot)
  5 jackals (Zot)
  A jackal zombie (Zot)
  20 kobolds (Zot)
  2 kobold skeletons (Zot)
  4 orc skeletons (Zot)
  An orc zombie (Zot)
  A quokka skeleton (Zot)
  2 quokka zombies (Zot)
  14 rats (Zot)
  3 rat zombies (Zot)
377 creatures vanquished.

Vanquished Creatures (others)
  A centaur skeleton (Zot)
  4 slime creatures (Zot)
  A yak (Zot)
  An ogre (Zot)
  A yellow wasp (Zot)
  An insubstantial wisp (Zot)
  2 jellies (Zot)
  A scorpion (Zot)
  3 killer bees (Zot)
  2 centaur zombies (Zot)
  2 iguanas (Zot)
  2 gnoll shamans (Zot)
  A giant frog skeleton (Zot)
  2 hounds (Zot)
  A worker ant (Zot)
  A mummy (Zot)
  An adder (Zot)
  A gnoll (Zot)
  A hobgoblin (Zot)
  A jackal (Zot)
  2 giant spores (Zot)
  A kobold (Zot)
  A rat zombie (Zot)
34 creatures vanquished.

Grand Total: 411 creatures vanquished

Notes
Turn   | Place    | Note
--------------------------------------------------------------
     0 | Zot      | blackwizard, the Merfolk Air Elementalist, began the quest for the Orb.
     0 | Zot      | Reached XP level 1. HP: 13/13 MP: 3/3
   236 | Zot      | Reached skill level 1 in Conjurations
   241 | Zot      | Reached XP level 2. HP: 19/19 MP: 1/4
   305 | Zot      | Reached skill level 3 in Air Magic
   305 | Zot      | Reached XP level 3. HP: 24/24 MP: 1/6
   419 | Zot      | Reached skill level 1 in Fighting
   419 | Zot      | Reached skill level 1 in Unarmed Combat
   419 | Zot      | Reached XP level 4. HP: 29/32 MP: 6/8
   430 | Zot      | Noticed Opaer
   441 | Zot      | Reached XP level 5. HP: 35/37 MP: 0/9
   505 | Zot      | Noticed Duanaog
   543 | Zot      | Killed Opaer the ogre
   543 | Zot      | Reached XP level 6. HP: 35/46 MP: 3/11
   589 | Zot      | Killed Duanaog the deep elf mage
   589 | Zot      | Reached skill level 4 in Unarmed Combat
   589 | Zot      | Reached XP level 7. HP: 46/53 MP: 5/14
   629 | Zot      | Noticed Diohinen
   703 | Zot      | Reached skill level 1 in Short Blades
   726 | Zot      | Noticed Ijyb
   770 | Zot      | Killed Diohinen the deep elf mage
   770 | Zot      | Reached XP level 8. HP: 15/61 MP: 1/17
   912 | Zot      | Reached skill level 5 in Dodging
   912 | Zot      | Reached XP level 9. HP: 42/67 MP: 2/20
   928 | Zot      | Killed Ijyb
  1044 | Zot      | Reached skill level 5 in Fighting
  1048 | Zot      | Reached skill level 5 in Air Magic
  1142 | Zot      | Noticed Menkaure
  1142 | Zot      | Reached skill level 5 in Spellcasting
  1161 | Zot      | Killed Menkaure
  1233 | Zot      | Reached skill level 1 in Maces & Flails
  1234 | Zot      | Noticed Pikel
  1303 | Zot      | Killed Pikel
  1303 | Zot      | Reached skill level 6 in Spellcasting
  1303 | Zot      | Reached skill level 5 in Conjurations
  1303 | Zot      | Reached XP level 10. HP: 58/74 MP: 9/24
  1304 | Zot      | Noticed Prince Ribbit
  1360 | Zot      | Killed Prince Ribbit
  1598 | Zot      | Reached skill level 7 in Spellcasting
  1641 | Zot      | Reached XP level 11. HP: 51/81 MP: 0/26
  1714 | Zot      | Reached skill level 8 in Spellcasting
  1969 | Zot      | Reached XP level 12. HP: 91/91 MP: 1/29
  1979 | Zot      | Reached skill level 5 in Maces & Flails
  2007 | Zot      | Noticed a storm dragon
  2011 | Zot      | Noticed a storm dragon
  2014 | Zot      | Reached skill level 9 in Spellcasting
  2063 | Zot      | Noticed a death cob
  2069 | Zot      | Noticed a death cob
  2122 | Zot      | Noticed a tentacled monstrosity
  2130 | Zot      | Noticed a white draconian
  2130 | Zot      | Noticed a pale draconian
  2130 | Zot      | Noticed a grey draconian
  2234 | Zot      | Noticed Struimp
  2278 | Zot      | Reached skill level 10 in Spellcasting
  2278 | Zot      | Reached XP level 13. HP: 84/99 MP: 0/31
  2411 | Zot      | Noticed Urug
  2423 | Zot      | Noticed Joseph
  2468 | Zot      | Killed Urug
  2537 | Zot      | Noticed Sigmund
  2765 | Zot      | Noticed Agnes
  2789 | Zot      | Killed Joseph
  2807 | Zot      | Reached skill level 10 in Fighting
  2808 | Zot      | Noticed the 27-headed Lernaean hydra
  2846 | Zot      | Killed Struimp the ogre mage
  2846 | Zot      | Reached XP level 14. HP: 100/110 MP: 7/32
  3195 | Zot      | Killed Sigmund
  3428 | Zot      | Reached skill level 11 in Fighting
  3507 | Zot      | Killed from afar by a soul eater

Action                   |  1- 3 |  4- 6 |  7- 9 | 10-12 | 13-15 || total
-------------------------+-------+-------+-------+-------+-------++-------
Melee: Unarmed           |   145 |    81 |       |       |       ||   226
       Short sword       |       |    31 |   144 |       |       ||   175
       Flail             |       |       |   105 |   362 |   819 ||  1286
 Cast: Shock             |    14 |    16 |   114 |   216 |   194 ||   554
